 Dungeon Crawl Stone Soup version 0.24.0-123-gd5b16e6ec5 (webtiles) character file.

Game seed: 3907188967231575931, levelgen mode: deterministic

141 Pocketmage the Archer (level 5, -3/42 HPs)
             Began as a Centaur Hunter on Jan 2, 2020.
             Was an Initiate of Cheibriados.
             Slain by an orc
             ... wielding a +0 trident
              (8 damage)
             ... on level 3 of the Dungeon.
             The game lasted 00:11:16 (2917 turns).

Pocketmage the Archer (Centaur Hunter)              Turns: 2917, Time: 00:11:16

Health: -3/42      AC:  4    Str: 16    XL:     5   Next: 3%
Magic:  2/5        EV:  9    Int: 11    God:    Cheibriados [......]
Gold:   85         SH:  0    Dex: 11    Spells: 4/4 levels left

rFire    . . .     SeeInvis .   a - +1 shortbow
rCold    . . .     Gourm    .   (shield currently unavailable)
rNeg     . . .     Faith    .   c - +0 leather armour
rPois    .         Spirit   .   (no helmet)
rElec    .         Reflect  .   (no cloak)
rCorr    .         Harm     .   (no gloves)
MR       .....                  (no barding)
Stlth    +.........             (no amulet)
HPRegen  0.14/turn              (no ring)
MPRegen  0.09/turn              (no ring)

@: no status effects
A: large, hooves 3, deformed body, speed 2, tough skin 3
a: Bend Time, Renounce Religion


You were on level 3 of the Dungeon.
You worshipped Cheibriados.
Cheibriados was noncommittal.
You were not hungry.

You visited 1 branch of the dungeon, and saw 4 of its levels.

You collected 85 gold pieces.

Inventory:

Hand Weapons
 a - a +1 shortbow (weapon)
 b - a +0 dagger of electrocution
 e - a +5 dagger
 l - a +0 short sword
Missiles
 d - 9 arrows (quivered)
 q - 19 poisoned darts
Armour
 c - a +0 leather armour (worn)
 j - a cursed -1 ring mail
Jewellery
 h - an uncursed ring of stealth {unknown}
 i - an uncursed ring of protection from magic {unknown}
 m - a cursed -3 ring of protection {unknown}
Wands
 n - a wand of scattershot (8)
Scrolls
 k - a scroll of identify
 p - 4 scrolls of magic mapping
 t - a scroll of immolation {unknown}
 u - a scroll of noise {unknown}
 w - a scroll of random uselessness {unknown}
 y - a scroll of enchant weapon {unknown}
Potions
 o - a potion of degeneration
 v - a potion of ambrosia {unknown}
 x - a potion of heal wounds {unknown}
Comestibles
 f - 7 rations


   Skills:
 + Level 2.4 Fighting
 * Level 8.0 Bows
 + Level 0.1 Armour
 + Level 1.5 Dodging
 - Level 0.4 Stealth


You had 4 spell levels left.
You didn't know any spells.
Your spell library was empty.

Dungeon Overview and Level Annotations

Branches:
Dungeon (4/15)
 Temple: D:4-7

Altars:
Cheibriados
Qazlal
Trog
Zin


Innate Abilities, Weirdness & Mutations

You have hooves in place of feet.
Armour fits poorly on your strangely shaped body.
You cover ground very quickly.
You have extremely tough skin. (AC +3)


Message History

* * * LOW HITPOINT WARNING * * *
Firing (i - inventory. (/) - cycle)
d - 12 arrows (quivered)
Press: ? - help, Shift-Dir - straight line, f/p - orc
Aim: an orc, wielding a +0 club and wearing a +0 ring mail (almost dead, slow)
You shoot an arrow. The arrow barely misses the orc.
Firing (i - inventory. (/) - cycle)
d - 11 arrows (quivered)
Press: ? - help, Shift-Dir - straight line, f/p - orc
Aim: an orc, wielding a +0 club and wearing a +0 ring mail (almost dead, slow)
You shoot an arrow. The arrow closely misses the orc.
The orc closely misses you. The orc hits you with a +0 trident.
* * * LOW HITPOINT WARNING * * *
Firing (i - inventory. (/) - cycle)
d - 10 arrows (quivered)
Press: ? - help, Shift-Dir - straight line, f/p - orc
Aim: an orc, wielding a +0 club and wearing a +0 ring mail (almost dead, slow)
You shoot an arrow. The arrow barely misses the orc.
The orc hits you with a +0 club.
* * * LOW HITPOINT WARNING * * *
The orc is no longer moving slowly.
The orc hits you from afar with a +0 trident!
You die...

....#####
#.##.#####.#########.#
........# #.##..†.##.#
#># ......#.#
#.#####.##.##### #.#
......#.###.##
#.##.....# #.#
......#.##...#
#.######.# #.##
####'####..#.#
#........#####...
##.....###...#
#######..........
#.._..# #########
##.######## #.###.#
#......@#######.#
###$###
#######.>o...<.(########
##$$$##
#.o####...).......
###$$$#
#..####.#######.##
.###### #..##.....# #.#
.# #..##.#.#.# #.# .#
#..##.#...# #.# .#
#..##.##..# #.# .#
#..##.....# #.#


You could see 2 orcs.

Vanquished Creatures
  Jessica (D:2)
  2 adders (D:2)
  2 oozes
  3 worms
  5 dart slugs
  3 orcs
  3 giant cockroaches (D:2)
  11 goblins
  10 hobgoblins
  A quokka (D:3)
  4 bats
  5 frilled lizards
  10 kobolds
  8 rats
68 creatures vanquished.

Notes
Turn   | Place    | Note
-------+----------+-------------------------------------------
     0 | D:1      | Pocketmage the Centaur Hunter began the quest for the Orb.
     0 | D:1      | Reached XP level 1. HP: 17/17 MP: 1/1
   292 | D:1      | Reached skill level 6 in Bows
   292 | D:1      | Reached XP level 2. HP: 21/24 MP: 2/2
   663 | D:1      | Reached XP level 3. HP: 29/29 MP: 3/3
  1002 | D:2      | Noticed Jessica
  1004 | D:2      | Killed Jessica
  1004 | D:2      | Reached skill level 7 in Bows
  1006 | D:2      | Found a snail-covered altar of Cheibriados.
  1012 | D:2      | Became a worshipper of Cheibriados the Contemplative
  1097 | D:2      | Reached XP level 4. HP: 36/36 MP: 4/4
  1655 | D:2      | Found a bloodstained altar of Trog.
  2167 | D:3      | Found a stormy altar of Qazlal.
  2428 | D:3      | Found a glowing silver altar of Zin.
  2860 | D:4      | Reached skill level 8 in Bows
  2865 | D:4      | Reached XP level 5. HP: 41/42 MP: 5/5
  2917 | D:3      | Slain by an orc

Levels and vault maps discovered:
D:1:      dpeg_arrival_circle_labyrinth_c, layout_basic, serial_forest,
          infiniplex_forest_end_1, infiniplex_forest_diagonal,
          infiniplex_forest_clump_long, infiniplex_forest_clump_long,
          infiniplex_forest_side_room, grunt_decor_mini_mirrors
D:2:      layout_loops_ring, lightli_temple_of_fire, marbit_many_paths,
          first_ration, minmay_tromino_v2, uniq_jessica
D:3:      layout_loops_ring, zin_treasury, grunt_qazlal_sundering
D:4:      layout_rooms, uniq_natasha, uniq_grinder, uniq_pikel

Skill      XL: |  1  2  3  4 |
---------------+-------------+-----
Bows           | 6 7 8 |  8.0
Fighting       | |  2.4
Armour         | |  0.1
Dodging        | |  1.5
Stealth        | |  0.4

Action                   |  1- 3 |  4- 6 || total
-------------------------+-------+-------++-------
 Fire: Shortbow          |    84 |   130 ||   214
Invok: Bend Time         |       |     1 ||     1
  Use: Scroll            |       |     5 ||     5
  Eat: Chunk             |       |     5 ||     5
Armor: Leather armour    |     2 |    11 ||    13
Dodge: Dodged            |    11 |    29 ||    40
